 Dungeon Crawl Stone Soup version 0.25.1-11-g244df3a29b (webtiles) character file.

Game seed: 3836041244936766730

2233 tkbsonic5 the Skirmisher (level 9, -5/117 HPs)
             Began as a Centaur Berserker on Jan 24, 2023.
             Was an Elder of Trog.
             Slain by a red ugly thing (21 damage)
             ... on level 6 of the Dungeon.
             The game lasted 00:19:32 (5499 turns).

tkbsonic5 the Skirmisher (Centaur Berserker)        Turns: 5499, Time: 00:19:34

Health: -5/117     AC: 15    Str: 23    XL:     9   Next: 14%
Magic:  11/11      EV:  5    Int:  6    God:    Trog [****..]
Gold:   340        SH:  0    Dex:  9    Spells: 8/8 levels left

rFire    . . .     SeeInvis +   x - +1 trident (venom)
rCold    + . .     Gourm    .   (no shield)
rNeg     . . .     Faith    .   k - +0 chain mail
rPois    .         Spirit   .   (no helmet)
rElec    .         Reflect  .   (no cloak)
rCorr    .         Harm     .   B - +2 pair of gloves
MR       .....                  H - +0 centaur barding
Stlth    ..........             (no amulet)
HPRegen  0.29/turn              d - ring of protection from cold
MPRegen  0.12/turn              n - ring of see invisible

@: berserking, hasted, very quick
A: large, hooves 3, deformed body, speed 2, tough skin 3
a: Berserk, Trog's Hand, Brothers in Arms, Renounce Religion


You were on level 6 of the Dungeon.
You worshipped Trog.
Trog was greatly pleased with you.
You were not hungry.

You visited 1 branch of the dungeon, and saw 7 of its levels.

You collected 340 gold pieces.

Inventory:

Hand Weapons
 a - a +1 spear
 f - a +1 falchion of protection
 w - a +0 hunting sling
 x - a +1 trident of venom (weapon)
Missiles
 e - 33 arrows
 g - 59 poisoned darts
 o - 31 sling bullets
 y - 21 bolts
 C - 2 throwing nets
 E - 3 boomerangs (quivered)
Armour
 b - a +0 animal skin
 k - a +0 chain mail (worn)
 B - a +2 pair of gloves (worn)
 H - a +0 centaur barding (worn)
Jewellery
 d - a ring of protection from cold (left hand)
 n - a ring of see invisible (right hand)
Wands
 p - a wand of acid (5)
 s - a wand of polymorph (9)
 I - a wand of iceblast (7)
Scrolls
 j - a scroll of amnesia
 l - a scroll of teleportation
 G - a scroll of remove curse
Potions
 h - 3 potions of curing
 i - 2 potions of lignification
 m - 2 potions of invisibility {unknown}
 q - 2 potions of might {unknown}
 r - 2 potions of resistance {unknown}
 t - 2 potions of flight
 u - a potion of haste
 v - 4 potions of mutation
 z - a potion of magic {unknown}
 J - 2 potions of berserk rage {unknown}
Comestibles
 c - 10 rations


   Skills:
 * Level 6.6 Fighting
 * Level 6.0 Polearms
 * Level 5.5 Throwing
 * Level 3.3 Armour
 * Level 3.4 Dodging
 + Level 3.2 Evocations


You had 8 spell levels left.
You didn't know any spells.
Your spell library was empty.

Dungeon Overview and Level Annotations

Branches:
Dungeon (7/15)             Temple (0/1) D:6

Altars:
Trog

Portals:
Sewer: D:6


Innate Abilities, Weirdness & Mutations

You have hooves in place of feet.
Armour fits poorly on your strangely shaped body.
You cover ground very quickly.
You have extremely tough skin. (AC +3)


Message History

There is a stone staircase leading down here.
Okay, then.
Okay, then.
A red film seems to cover your vision as you go berserk!
You feel yourself moving faster!
You feel mighty!
You feel a lot more hungry. The adder closely misses you.
You miss the adder. The red ugly thing pecks you!
You are engulfed in flames!
You miss the adder. Your kick misses the adder.
The adder bites you but does no damage. The red ugly thing pecks you!
* * * LOW HITPOINT WARNING * * *
You are engulfed in flames!
* * * LOW HITPOINT WARNING * * *
You closely miss the adder. The adder bites you but does no damage.
You hit the red ugly thing.
The red ugly thing is poisoned.
Your kick misses the red ugly thing.
The red ugly thing is lightly wounded.
The adder closely misses you. The red ugly thing pecks you!
* * * LOW HITPOINT WARNING * * *
You are engulfed in flames!!
You die...

#...................#<..###.#.
##.#######........#.#.#####.#.
#.# #.######.#.#.....).). #.#
#.##...............).
#.#######.##.###............<
#.......#.##.# #.............
#######.#.##.# #.............
#.#.##u###.#.#.........
#.#.##@S...............
#.#.########.#.#.######
#)#..........#.........
#.......########.#.....
#######.##.......#.####
#.##.#######.#...
#######.##.#..........#
#)?.....##.#.....#.####
#.......##.####......##


You could see a red ugly thing (very poisoned) and an adder.

Vanquished Creatures
  Grinder (D:3)
  Duvessa (D:5)
  A black bear (D:7)
  2 ice beasts
  5 ogres
  A big kobold (D:3)
  2 bullfrogs (D:6)
  Dowan (D:5)
  2 howler monkeys
  A crimson imp (D:5)
  A bullfrog zombie (D:5)
  Crazy Yiuf (D:2)
  3 hounds
  5 orc priests
  3 centaur skeletons
  4 orc wizards
  4 worker ants
  A hound zombie (D:6)
  3 hound skeletons (D:4)
  A worker ant zombie (D:5)
  A howler monkey skeleton (D:5)
  8 adders
  A shadow imp (D:6)
  2 oozes
  An adder skeleton (D:5)
  4 worms
  7 dart slugs
  2 leopard geckos
  11 orcs
  4 ball pythons
  9 bats
  4 giant cockroaches
  3 goblins
  4 hobgoblins
  16 jackals
  3 quokkas
  3 frilled lizards
  14 kobolds
  5 rats
145 creatures vanquished.

Notes
Turn   | Place    | Note
-------+----------+-------------------------------------------
     0 | D:1      | tkbsonic5 the Centaur Berserker began the quest for the
                  | Orb.
     0 | D:1      | Reached XP level 1. HP: 19/19 MP: 1/1
    66 | D:1      | Reached XP level 2. HP: 26/26 MP: 2/2
   423 | D:1      | Reached XP level 3. HP: 31/31 MP: 3/3
   584 | D:1      | Reached ** piety under Trog
   861 | D:2      | Found a bloodstained altar of Trog.
   906 | D:2      | Reached skill level 1 in Throwing
  1096 | D:2      | Reached XP level 4. HP: 40/40 MP: 4/4
  1531 | D:2      | Found a runed translucent door.
  1532 | D:2      | Noticed Crazy Yiuf
  1539 | D:2      | Killed Crazy Yiuf
  1679 | D:3      | Noticed a big kobold
  1689 | D:3      | Killed a big kobold
  1689 | D:3      | Reached skill level 1 in Evocations
  1689 | D:3      | Reached XP level 5. HP: 42/46 MP: 5/5
  1982 | D:3      | Noticed Grinder
  1991 | D:3      | Killed Grinder
  1991 | D:3      | Reached XP level 6. HP: 53/53 MP: 5/7
  2722 | D:4      | Reached skill level 5 in Fighting
  2722 | D:4      | Reached XP level 7. HP: 59/61 MP: 8/8
  2831 | D:4      | Reached *** piety under Trog
  3142 | D:4      | Reached skill level 5 in Polearms
  3673 | D:4      | Reached XP level 8. HP: 65/69 MP: 9/9
  3725 | D:5      | Entered Level 5 of the Dungeon
  4390 | D:5      | Noticed Duvessa
  4401 | D:5      | Killed Duvessa
  4406 | D:5      | Noticed Dowan
  4414 | D:5      | Killed Dowan
  4750 | D:6      | Reached **** piety under Trog
  4762 | D:6      | Reached skill level 5 in Throwing
  5059 | D:6      | Reached XP level 9. HP: 78/78 MP: 11/11
  5062 | D:6      | Found a staircase to the Ecumenical Temple.
  5291 | D:6      | Found a glowing drain.
  5483 | D:7      | Noticed a red ugly thing
  5499 | D:6      | Slain by a red ugly thing

Illustrated notes

Levels and vault maps discovered:
D:1:      minmay_arrival_four_houses, layout_rooms
D:2:      layout_loops_ring, lemuel_crystal_altar, uniq_crazy_yiuf_cottage
D:3:      layout_basic, uniq_grinder
D:4:      layout_loops_ring, first_ration, minmay_pentangle
D:5:      layout_gridville, uniq_duvessa
D:6:      layout_basic, minmay_temple_entry_stoned_glass,
          cheibrodos_sewer_entry_bend
D:7:      layout_rooms

Skill      XL: |  1  2  3  4  5  6  7  8  9 |
---------------+----------------------------+-----
Polearms       | 3 4 5 6 |  6.0
Throwing       | 1 2 3 4 5 |  5.5
Fighting       | 4 5 6 |  6.6
Evocations     | 1 2 3 |  3.2
Armour         | 2 3 |  3.3
Dodging        | 2 3 |  3.4

Action                   |  1- 3 |  4- 6 |  7- 9 || total
-------------------------+-------+-------+-------++-------
Melee: Spear             |   122 |   111 |    47 ||   280
       Kick              |    16 |    22 |    48 ||    86
       Trident           |       |       |   169 ||   169
Throw: Dart              |    12 |    20 |    40 ||    72
       Boomerang         |       |       |    32 ||    32
Invok: Berserk           |     1 |     2 |     2 ||     5
       Trog's Hand       |       |     1 |     1 ||     2
Evoke: Wand              |       |     4 |       ||     4
  Use: Scroll            |     4 |     6 |     3 ||    13
       Potion            |       |     1 |     1 ||     2
  Eat: Chunk             |     1 |     6 |     4 ||    11
       Ration            |       |       |     2 ||     2
Armor: Animal skin       |     9 |       |       ||     9
       Chain mail        |    42 |    36 |    75 ||   153
       Skin              |       |     1 |       ||     1
Dodge: Dodged            |    41 |    22 |    43 ||   106
